 Dungeon Crawl Stone Soup version 0.29.0 (webtiles) character file.

Game seed: 12446463199259863498

28131 gelatine the Nimble (level 13, 0/81 HPs)
             Began as a Gnoll Gladiator on Aug 24, 2022.
             Was a Plaything of Xom.
             Slain by an Executioner (1 damage)
             ... on level 2 of the Abyss.
             The game lasted 01:12:21 (16387 turns).

gelatine the Nimble (Gnoll Gladiator)              Turns: 16387, Time: 01:12:22

Health: 0/81       AC: 37    Str: 11    XL:     13   Next: 36%
Magic:  0/23       EV: 10    Int:  4    God:    Xom [.....*]
Gold:   1654       SH:  7    Dex: 19    Spells: 28/29 levels left

rFire   . . .      SeeInvis .   B - +2 trident (protect)
rCold   . . .      Faith    .   X - +0 buckler
rNeg    . . .      Spirit   +   x - +10 plate armour {ponderous}
rPois   .          Reflect  .   c - +2 helmet
rElec   .          Harm     .   v - scarf {repulsion}
rCorr   .          Rampage  .   C - +0 pair of gloves
Will    .....                   t - +2 pair of boots
Stlth   ..........              o - amulet of guardian spirit
HPRegen 0.23/turn               z - +4 ring of slaying
MPRegen 0.18/turn               L - +4 ring of evasion

@: mighty, about to teleport, under a protective aura, repel missiles, unable to
drink, slow
A: fangs 1, strong nose, distributed training, hooves 2, iridescent scales 1,
agile 1, low MP 1, shaggy fur 1, weak 2, inability to drink after injury 2,
noise suppression, [deformed body], [dopey 2], [frail 2], screaming 1[+1]
a: Renounce Religion


You were on level 2 of the Abyss.
You worshipped Xom.
You were Xom's teddy bear.
You visited 4 branches of the dungeon, and saw 16 of its levels.
You visited the Abyss 1 time.

You collected 1826 gold pieces.
You spent 172 gold pieces at shops.

Inventory:

Hand Weapons
 a - a +2 war axe of freezing
 y - a +2 dagger of venom
 B - a +2 trident of protection (weapon)
 F - the +6 rapier of Responsibility {drain, Str+5}
   (You found it on level 1 of the Lair of Beasts)

   A truly terrible weapon, it drains the life of any living foe it strikes.
   Str:       It affects your strength (+5).
 O - a +3 dire flail
 Z - a +2 vorpal broad axe
Missiles
 r - 4 poisoned darts
 P - 3 boomerangs (quivered)
 Y - 4 javelins
Armour
 c - a +2 helmet (worn)
 t - a +2 pair of boots (worn)
 v - a scarf of repulsion (worn)
 x - a +10 plate armour of ponderousness (worn)
 C - a +0 pair of gloves (worn)
 E - a +2 chain mail of fire resistance
 H - a +0 crystal plate armour
 M - a +0 troll leather armour
 X - a +0 buckler (worn)
Magical Staves
 U - a staff of poison
Jewellery
 j - a +6 ring of intelligence
 n - a ring of ice
 o - an amulet of guardian spirit (around neck)
 z - a +4 ring of slaying (left hand)
 D - an amulet of faith
 J - an amulet of magic regeneration
 L - a +4 ring of evasion (right hand)
 N - a ring of poison resistance
 R - the ring "Femi" {Fly Will- Str+3 Slay+2}
   (Xom gifted it to you on level 10 of the Dungeon)

   [ring of flight]

   Str:       It affects your strength (+3).
   Slay:      It affects your accuracy & damage with ranged weapons and melee
   (+2).
   Fly:       It grants you flight.
   Will:      It decreases your willpower.
Wands
 d - a wand of polymorph (5)
 k - a wand of quicksilver (3)
 m - a wand of iceblast (3)
 w - a wand of charming (5)
 I - a wand of mindburst (5)
Scrolls
 h - 3 scrolls of poison
 l - 2 scrolls of silence
 p - 3 scrolls of immolation
 s - 3 scrolls of magic mapping
 u - 4 scrolls of butterflies
 K - 4 scrolls of identify
 Q - 2 scrolls of amnesia
 T - a scroll of fear
Potions
 b - a potion of resistance
 i - 4 potions of attraction
 q - 2 potions of magic
 A - 2 potions of brilliance
 G - 9 potions of ambrosia
 V - a potion of lignification
Miscellaneous
 S - a box of beasts (inert)


   Skills:
 + Level 9.7 Fighting
 + Level 8.5 Short Blades
 + Level 8.5 Long Blades
 + Level 10.8 Axes
 + Level 8.5 Maces & Flails
 + Level 8.5 Polearms
 + Level 8.5 Staves
 + Level 8.5 Ranged Weapons
 + Level 9.7 Throwing
 + Level 8.5 Armour
 + Level 10.8 Dodging
 + Level 8.5 Stealth
 + Level 8.5 Shields
 + Level 8.5 Unarmed Combat
 + Level 8.5 Spellcasting
 + Level 7.1 Conjurations
 + Level 7.1 Hexes
 + Level 7.1 Summonings
 + Level 7.1 Necromancy
 + Level 7.1 Translocations
 + Level 7.1 Transmutations
 + Level 7.1 Fire Magic
 + Level 7.1 Ice Magic
 + Level 7.1 Air Magic
 + Level 7.1 Earth Magic
 + Level 7.1 Poison Magic
 + Level 9.3 Invocations
 + Level 8.5 Evocations


You had 28 spell levels left.
You knew the following spells:

 Your Spells              Type           Power      Damage    Failure   Level
a - Beastly Appendage     Tmut           14%        N/A       90%         1

Your spell library contained the following spells:

 Spells                   Type           Power      Damage    Failure   Level
 Apportation              Tloc           14%        N/A       90%         1
 Necrotise                Necr           28%        1d5       90%         1
 Summon Small Mammal      Summ           28%        N/A       90%         1
 Ensorcelled Hibernation  Hex/Ice        14%        N/A       97%         2
 Scorch                   Fire           14%        2d6       97%         2
 Wereblood                Tmut           7%         N/A       97%         2
 Call Canine Familiar     Summ           7%         N/A       99%         3
 Spider Form              Tmut/Pois      7%         N/A       99%         3
 Summon Guardian Golem    Hex/Summ       7%         N/A       99%         3
 Anguish                  Hex/Necr       3%         N/A       100%        4
 Animate Armour           Summ/Erth      14%        N/A       100%        4
 Flame Wave               Conj/Fire      7%         2d5       100%        4
 Blade Hands              Tmut           3%         N/A       100%        5
 Iron Shot                Conj/Erth      3%         9d2       100%        6
 Summon Cactus Giant      Summ           3%         N/A       100%        6
 Orb of Destruction       Conj           3%         9d5       100%        7
 Spellforged Servitor     Conj/Summ      3%         N/A       100%        7


Dungeon Overview and Level Annotations

Branches:
Dungeon (11/15)            Temple (1/1) D:4            Lair (3/5) D:10
 Spider (0/4) Lair:3          Orc (1/2) D:9
  Swamp: Lair:2-3    Shoals: Lair:2-3

Altars:
Ashenzari
Cheibriados
Dithmenos
Elyvilon
Fedhas
Gozag
Hepliaklqana
Kikubaaqudgha
Makhleb
Nemelex Xobeh
Okawaru
Qazlal
Ru
Sif Muna
Trog
Uskayaw
Vehumet
Wu Jian
Xom
Yredelemnul
Zin
The Shining One

Shops:
D:3 [([?   D:11 [

Portals:
Abyss: D:7

Annotations:
D:6 4 runed translucent doors
D:7 2 transporters, GigaChad's ghost, novice MiFi


Innate Abilities, Weirdness & Mutations

You have very sharp teeth.
Your uncanny sense of smell can sniff out nearby items.
Your experience applies equally to all skills.
You have hoof-like feet.
You are partially covered in iridescent scales. (AC +2)
You are agile. (Dex +4, Str/Int -1)
Your magical capacity is low. (-10% MP)
You are covered in fur. (AC +1)
You are very weak. (Str -4)
You sometimes lose the ability to drink potions when taking damage.
You passively dampen the noise of your surroundings.
[Armour fits poorly on your strangely shaped body.]
[You are very dopey. (Int -4)]
[You are very frail. (-20% HP)]
[You frequently scream uncontrollably at your foes.]


Message History

The Executioner hits you but does no damage. x2
You closely miss the Executioner. You bite the Executioner!
The Executioner is heavily wounded.
The Executioner barely misses you.
The Executioner hits you but does no damage.
You block the Executioner's attack. x2
The Executioner hits you but does no damage.
You block the Executioner's attack.
The Executioner hits you but does no damage. x2
The Executioner hits you.
You puncture the Executioner!
The Executioner is severely wounded.
The Executioner hits you!
* * * LOW HITPOINT WARNING * * *
The Executioner barely misses you.
The Executioner hits you but does no damage. x2
The Executioner barely misses you.
The Executioner hits you but does no damage.
You block the Executioner's attack. The Executioner hits you!
* * * LOW HITPOINT WARNING * * *
The Executioner hits you but does no damage.
Aiming: Polymorph
Press: ? - help, Q - select action, (/) - cycle Shift-Dir - straight line, f/p - Executioner
Aim: an Executioner (grey smoke, severely wounded, fast, will become a blizzard demon, a rakshasa, or a sixfirhy, chance to affect: 0%)
Okay, then.
As you read the scroll of teleportation, it crumbles to dust.
You feel strangely unstable.
You feel the power of the Abyss delaying your translocation!
The Executioner hits you!!
* * * LOW HITPOINT WARNING * * *
The Executioner hits you but does no damage. x2
The Executioner hits you.
* * * LOW HITPOINT WARNING * * *
The Executioner hits you but does no damage. x3
The Executioner barely misses you.
The Executioner hits you but does no damage.
The Executioner attacks as you move away!
You block the Executioner's attack. The Executioner hits you.
You die...
Xom titters!

.#. ##. . ..
. # # . .###.
. .# . . .
#.. # #. # #
.#...#..### .
..##..#....##
# # ## ##. .#
....#
##§#§### # ..
#§§§§.# #@###
##§§1..#..
#§#§§§..#..
#.#..#......
... ...##.###
..# ..#.. #..
... ## #.# .
. #. #


You could see an Executioner (fast).

Vanquished Creatures
  Josephine (D:11)
  A great orb of eyes (Abyss:2)
  3 hydras (Lair:1)
  2 two-headed ogres
  2 large abominations (Abyss:2)
  A cyclops (D:11)
  An orc sorcerer (Orc:1)
  2 cane toads (Lair:1)
  2 komodo dragons (Lair:1)
  3 trolls
  A hornet (D:10)
  Prince Ribbit (D:5)
  18 blink frogs
  A ynoxinul (Abyss:2)
  3 wraiths
  5 wyverns
  34 yaks
  A steam dragon (D:6)
  4 redbacks (Lair:3)
  A chaos spawn (Abyss:2)
  A basilisk (Lair:1)
  A warg (Orc:1)
  4 vampire mosquitoes (D:11)
  2 water moccasins (Lair:3)
  A floating eye (Lair:1)
  5 orc warriors
  3 ice beasts
  2 sky beasts (D:7)
  A swamp drake (D:9)
  A black bear (D:6)
  A small abomination (Abyss:2)
  3 wolves (Lair:3)
  A boggart (D:11)
  5 centaurs
  4 ogres
  5 phantoms
  2 kobold brigands
  A gnoll sergeant (D:9)
  5 bullfrogs
  3 necrophages
  4 scorpions
  4 wights (D:9)
  22 killer bees (Lair:1)
  7 howler monkeys
  A vampire bat (D:7)
  6 electric eels (D:10)
  8 hounds
  4 jellies
  4 orc priests
  An iron imp (Abyss:2)
  11 iguanas
  10 orc wizards
  6 gnolls
  11 adders
  2 ufetubi (D:5)
  3 worms
  6 dart slugs
  59 orcs
  3 bat skeletons (D:7)
  2 bat zombies (D:7)
  4 endoplasms
  4 giant cockroaches
  8 goblins
  6 hobgoblins
  13 kobolds
  7 quokkas
  9 ball pythons
  2 bats (D:1)
  6 frilled lizards
  3 rats
374 creatures vanquished.

Vanquished Creatures (collateral kills)
  An anaconda skeleton (Abyss:2)
  A smoke demon (Abyss:2)
  A komodo dragon (Lair:1)
  A tormentor (Abyss:2)
  A queen bee (Lair:1)
  2 yaks (Lair:3)
  2 wraiths
  An ogre (D:4)
  2 killer bees (Lair:1)
  A howler monkey (D:10)
  A hound (D:10)
  A goblin (D:4)
15 creatures vanquished.

Vanquished Creatures (others)
  A komodo dragon (Lair:1)
  A yak (Lair:3)
  An orc (D:6)
  A bush (Lair:1)
  7 fungi
  9 plants
20 creatures vanquished.

Grand Total: 409 creatures vanquished

Notes
Turn   | Place    | Note
-------+----------+-------------------------------------------
     0 | D:1      | gelatine the Gnoll Gladiator began the quest for the Orb.
     0 | D:1      | Reached XP level 1. HP: 20/20 MP: 1/1
   323 | D:1      | Reached XP level 2. HP: 23/26 MP: 2/2
  1039 | D:2      | Reached XP level 3. HP: 31/31 MP: 3/3
  1187 | D:2      | Reached skill level 1 in Invocations
  1498 | D:3      | Reached skill level 1 in Short Blades
  1498 | D:3      | Reached skill level 1 in Long Blades
  1498 | D:3      | Reached skill level 1 in Maces & Flails
  1498 | D:3      | Reached skill level 1 in Polearms
  1498 | D:3      | Reached skill level 1 in Staves
  1498 | D:3      | Reached skill level 1 in Ranged Weapons
  1498 | D:3      | Reached skill level 1 in Armour
  1498 | D:3      | Reached skill level 1 in Stealth
  1498 | D:3      | Reached skill level 1 in Shields
  1498 | D:3      | Reached skill level 1 in Unarmed Combat
  1498 | D:3      | Reached skill level 1 in Spellcasting
  1498 | D:3      | Reached skill level 1 in Evocations
  1594 | D:3      | Noticed a phantom
  2054 | D:3      | Reached XP level 4. HP: 34/38 MP: 3/5
  2077 | D:3      | Learned a level 1 spell: Beastly Appendage
  2139 | D:3      | Killed a phantom
  2140 | D:3      | Reached skill level 1 in Conjurations
  2140 | D:3      | Reached skill level 1 in Hexes
  2140 | D:3      | Reached skill level 1 in Summonings
  2140 | D:3      | Reached skill level 1 in Necromancy
  2140 | D:3      | Reached skill level 1 in Translocations
  2140 | D:3      | Reached skill level 1 in Transmutations
  2140 | D:3      | Reached skill level 1 in Fire Magic
  2140 | D:3      | Reached skill level 1 in Ice Magic
  2140 | D:3      | Reached skill level 1 in Air Magic
  2140 | D:3      | Reached skill level 1 in Earth Magic
  2140 | D:3      | Reached skill level 1 in Poison Magic
  2140 | D:3      | Reached XP level 5. HP: 39/43 MP: 3/7
  2182 | D:3      | Found a faded altar of an unknown god.
  2199 | D:3      | Prayed at the altar of an unknown god.
  2199 | D:3      | Became a worshipper of Xom of Chaos
  2271 | D:3      | Found Moiren's Magic Scroll Shop.
  2279 | D:3      | Bought a scroll of enchant weapon for 82 gold pieces
  2290 | D:3      | XOM: silly message
  2291 | D:3      | XOM: cast spell 'Olgreb's Toxic Radiance'
  2334 | D:3      | Found Feamukho's Weapon Shop.
  2368 | D:3      | Found Vaam's Armour Shop.
  2522 | D:3      | Found Acec's Antique Armour Boutique.
  2692 | D:4      | Reached XP level 6. HP: 48/50 MP: 8/8
  2828 | D:4      | XOM: swap monsters
  2836 | D:4      | XOM: stat loss: -1 Dex (13/14)
  2841 | D:4      | Reached skill level 5 in Fighting
  2841 | D:4      | Reached skill level 5 in Throwing
  2858 | D:4      | XOM: noise
  3046 | D:4      | Found a staircase to the Ecumenical Temple.
  3110 | D:4      | XOM: swap monsters
  3218 | D:4      | XOM: summons 6 friendly demons
  3220 | D:4      | Reached XP level 7. HP: 56/56 MP: 8/10
  3232 | D:4      | Found a snail-covered altar of Cheibriados.
  3302 | D:4      | XOM: give mutations
  3302 | D:4      | Gained mutation: You are agile. (Dex +4, Str/Int -1) [Xom's
                  | mischief]
  3302 | D:4      | Lost mutation: You are agile. (Dex +4, Str/Int -1) [Xom's
                  | mischief]
  3302 | D:4      | Gained mutation: You occasionally lose the ability to read
                  | scrolls when taking damage. [Xom's mischief]
  3302 | D:4      | Gained mutation: Your magical capacity is low. (-10% MP)
                  | [Xom's mischief]
  3359 | D:4      | XOM: summons 7 friendly demons
  3801 | D:5      | Entered Level 5 of the Dungeon
  3806 | D:5      | XOM: divination: magic mapping
  3907 | D:4      | Reached XP level 8. HP: 50/63 MP: 6/11
  3911 | Temple   | Entered the Ecumenical Temple
  3949 | Temple   | XOM: give mutations
  3949 | Temple   | Lost mutation: You occasionally lose the ability to read
                  | scrolls when taking damage. [Xom's mischief]
  3949 | Temple   | Gained mutation: You occasionally lose the ability to drink
                  | potions when taking damage. [Xom's mischief]
  3949 | Temple   | Gained mutation: Your spells are a little easier to cast,
                  | but a little less powerful. [Xom's mischief]
  3949 | Temple   | Gained mutation: Your body sometimes deteriorates upon
                  | taking damage. [Xom's mischief]
  4371 | D:5      | XOM: give mutations
  4371 | D:5      | Gained mutation: You occasionally lose the ability to read
                  | scrolls when taking damage. [Xom's mischief]
  4371 | D:5      | Lost mutation: You occasionally lose the ability to read
                  | scrolls when taking damage. [Xom's mischief]
  4375 | D:5      | Noticed Prince Ribbit
  4391 | D:5      | Killed Prince Ribbit
  4483 | D:5      | XOM: smoke on damage
  5001 | D:5      | Found a hazy altar of Hepliaklqana.
  5058 | D:5      | XOM: noise
  5075 | D:5      | XOM: swap monsters
  5080 | D:5      | XOM: swap monsters
  5222 | D:6      | XOM: stat loss: -1 Int (8/9)
  5236 | D:6      | XOM: summons 1 hostile demon
  5239 | D:6      | Reached XP level 9. HP: 69/69 MP: 13/13
  5445 | D:6      | Found a shimmering blue altar of Sif Muna.
  5792 | D:6      | Found an ornate altar of the Wu Jian Council.
  5836 | D:6      | Found a large runed translucent door.
  5837 | D:6      | Found a large runed translucent door.
  5837 | D:6      | Noticed a troll
  5839 | D:6      | Found a large runed translucent door.
  5839 | D:6      | Found a large runed translucent door.
  6204 | D:3      | Bought a +0 pair of gloves for 45 gold pieces
  6204 | D:3      | Bought a +0 pair of boots for 45 gold pieces
  6463 | D:6      | XOM: destruction
  6478 | D:6      | Reached skill level 5 in Invocations
  6795 | D:7      | XOM: confuse monster(s)
  6865 | D:7      | Noticed a toenail golem
  6866 | D:7      | Noticed GigaChad's ghost (novice MiFi)
  6885 | D:7      | XOM: confuse monster(s)
  6944 | D:7      | XOM: cloud trail
  7090 | D:7      | XOM: 1-stop teleportation journey
  7111 | D:7      | Found an ancient bone altar of Kikubaaqudgha.
  7181 | D:7      | Found a transporter.
  7182 | D:7      | Found a one-way gate to the infinite horrors of the Abyss.
  7188 | D:7      | Found a transporter.
  7199 | D:7      | Noticed a smoke demon
  7324 | D:7      | XOM: summons 5 hostile demons
  7369 | D:8      | XOM: stealth player
  7404 | D:8      | XOM: summons friendly quasit
  7406 | D:8      | Reached skill level 5 in Short Blades
  7406 | D:8      | Reached skill level 5 in Long Blades
  7406 | D:8      | Reached skill level 5 in Maces & Flails
  7406 | D:8      | Reached skill level 5 in Polearms
  7406 | D:8      | Reached skill level 5 in Staves
  7406 | D:8      | Reached skill level 5 in Ranged Weapons
  7406 | D:8      | Reached skill level 5 in Armour
  7406 | D:8      | Reached skill level 5 in Stealth
  7406 | D:8      | Reached skill level 5 in Shields
  7406 | D:8      | Reached skill level 5 in Unarmed Combat
  7406 | D:8      | Reached skill level 5 in Spellcasting
  7406 | D:8      | Reached skill level 5 in Evocations
  7406 | D:8      | Reached XP level 10. HP: 76/77 MP: 15/15
  7406 | D:8      | XOM: divination: magic mapping
  7579 | D:8      | Found a hide-covered altar of Uskayaw.
  7584 | D:8      | XOM: noise
  7603 | D:8      | XOM: noise
  7953 | D:8      | Noticed a two-headed ogre
  7961 | D:8      | Killed a two-headed ogre
  8044 | D:8      | XOM: cloud trail
  8113 | D:8      | Found a glowing silver altar of Zin.
  8618 | D:9      | XOM: chaos cloud
  8718 | D:9      | XOM: scenery: summon butterflies
  8761 | D:9      | XOM: give mutations
  8761 | D:9      | Gained mutation: You have large cloven feet. [Xom's grace]
  8761 | D:9      | Gained mutation: You passively map a small area around you.
                  | [Xom's grace]
  8761 | D:9      | Gained mutation: You are covered in fur. (AC +1) [Xom's
                  | grace]
  8809 | D:9      | XOM: give mutations
  8809 | D:9      | Lost mutation: You passively map a small area around you.
                  | [Xom's mischief]
  8809 | D:9      | Gained mutation: [You occasionally shout uncontrollably at
                  | your foes.] [Xom's mischief]
  8846 | D:9      | XOM: give mutations
  8846 | D:9      | Lost mutation: Your body sometimes deteriorates upon taking
                  | damage. [Xom's mischief]
  8846 | D:9      | Gained mutation: You are weak. (Str -2) [Xom's mischief]
  8846 | D:9      | Gained mutation: You sometimes lose the ability to drink
                  | potions when taking damage. [Xom's mischief]
  8895 | D:9      | XOM: scenery: create altars
  8946 | D:9      | XOM: polymorph orc warrior -> swamp drake
  8974 | D:9      | Found a staircase to the Orcish Mines.
  9217 | D:9      | XOM: cloud trail
  9485 | D:9      | Reached skill level 5 in Conjurations
  9485 | D:9      | Reached skill level 5 in Hexes
  9485 | D:9      | Reached skill level 5 in Summonings
  9485 | D:9      | Reached skill level 5 in Necromancy
  9485 | D:9      | Reached skill level 5 in Translocations
  9485 | D:9      | Reached skill level 5 in Transmutations
  9485 | D:9      | Reached skill level 5 in Fire Magic
  9485 | D:9      | Reached skill level 5 in Ice Magic
  9485 | D:9      | Reached skill level 5 in Air Magic
  9485 | D:9      | Reached skill level 5 in Earth Magic
  9485 | D:9      | Reached skill level 5 in Poison Magic
  9486 | D:9      | Reached XP level 11. HP: 57/85 MP: 12/18
  9911 | Orc:1    | Entered Level 1 of the Orcish Mines
  9939 | Orc:1    | XOM: fog
  9970 | Orc:1    | XOM: silly message
  9985 | Orc:1    | Noticed an orc warlord
  9988 | Orc:1    | Noticed an orc sorcerer
  9995 | Orc:1    | Killed an orc sorcerer
 10008 | Orc:1    | XOM: summons 4 friendly demons
 10036 | Orc:1    | XOM: swap monsters
 10037 | Orc:1    | XOM: confuse monster(s)
 10051 | D:9      | XOM: scenery: 3 doors close
 10361 | D:10     | Entered Level 10 of the Dungeon
 10495 | D:10     | XOM: cast spell 'Monstrous Menagerie'
 10656 | D:10     | Found an iron altar of Okawaru.
 10682 | D:10     | XOM: enchant monster (bad)
 10686 | D:10     | XOM: potion effect (might)
 10719 | D:10     | XOM: cloud trail
 10828 | D:10     | Found a staircase to the Lair.
 10843 | D:10     | XOM: summons friendly iron imp
 10851 | D:10     | XOM: cleaving
 10891 | D:10     | XOM: give mutations
 10891 | D:10     | Gained mutation: You passively dampen the noise of your
                  | surroundings. [Xom's grace]
 10891 | D:10     | Gained mutation: You are partially covered in iridescent
                  | scales. (AC +2) [Xom's grace]
 10999 | D:10     | XOM: fog
 11091 | D:10     | XOM: 3-stop teleportation journey
 11115 | D:10     | XOM: 7-stop teleportation journey
 11461 | D:10     | Paralysed by a hornet for 3 turns
 11576 | D:10     | Identified the ring "Femi" {Fly Will- Str+3 Slay+2} (Xom
                  | gifted it to you on level 10 of the Dungeon)
 11576 | D:10     | XOM: god gift: ring "Femi" {Fly Will- Str+3 Slay+2}
 11794 | D:10     | XOM: scenery: 1 doors close
 11798 | D:11     | XOM: stealth player
 11985 | D:11     | Noticed a two-headed ogre
 11993 | D:11     | XOM: cleaving
 11997 | D:11     | Killed a two-headed ogre
 12087 | D:11     | XOM: scenery: 1 doors close
 12107 | D:11     | Found Winesmet's Armour Shop.
 12107 | D:11     | Noticed a cyclops
 12130 | D:11     | XOM: potion effect (magic)
 12132 | D:11     | XOM: polymorph acid dragon -> boggart
 12140 | D:11     | XOM: divination: magic mapping
 12149 | D:11     | Killed a cyclops
 12295 | D:11     | Noticed Josephine
 12305 | D:11     | XOM: summons friendly ufetubus
 12309 | D:11     | Killed Josephine
 12317 | D:11     | XOM: scenery: create altars
 12318 | D:11     | XOM: summons 4 friendly demons
 12327 | D:11     | Reached XP level 12. HP: 19/94 MP: 5/20
 12562 | D:11     | XOM: give mutations
 12562 | D:11     | Gained mutation: You have hoof-like feet. [Xom's grace]
 12562 | D:11     | Gained mutation: You are agile. (Dex +4, Str/Int -1) [Xom's
                  | grace]
 13142 | Lair:1   | Entered Level 1 of the Lair of Beasts
 13147 | Lair:1   | XOM: god gift: 1065 gold pieces
 13194 | Lair:1   | XOM: 2-stop teleportation journey
 13242 | Lair:1   | Noticed a six-headed hydra
 13250 | Lair:1   | XOM: enchant monster (good)
 13253 | Lair:1   | Killed a six-headed hydra
 13356 | Lair:1   | XOM: smoke on damage
 13361 | Lair:1   | XOM: god gift: book of Changes
 13517 | Lair:1   | Noticed a five-headed hydra
 13534 | Lair:1   | Killed a five-headed hydra
 13535 | Lair:1   | Reached skill level 10 in Axes
 13535 | Lair:1   | Reached skill level 10 in Dodging
 13614 | Lair:1   | Noticed a seven-headed hydra
 13614 | Lair:1   | XOM: 2-stop teleportation journey
 13617 | Lair:1   | XOM: scenery: summon butterflies
 13632 | Lair:1   | XOM: swap monsters
 13659 | Lair:1   | Killed a seven-headed hydra
 14104 | Lair:1   | XOM: 1-stop teleportation journey
 14401 | Lair:1   | XOM: swap monsters
 14549 | Lair:1   | Identified the +6 rapier of Responsibility {drain, Str+5}
 14699 | Lair:1   | XOM: draining
 14703 | Lair:1   | XOM: draining
 14704 | Lair:1   | XOM: cast spell 'Chain of Chaos'
 14706 | Lair:1   | XOM: summons 2 friendly demons
 14959 | Lair:1   | Noticed Urug
 14961 | Lair:1   | Noticed Urug
 14961 | Lair:1   | Urug changed into Urug the floating eye
 14961 | Lair:1   | XOM: polymorph Urug -> Urug the floating eye
 14962 | Lair:1   | Killed Urug the floating eye
 15284 | Lair:2   | You fall into a shaft and drop 1 floor!
 15294 | Lair:3   | XOM: confuse monster(s)
 15295 | Lair:3   | XOM: summons friendly iron imp
 15301 | Lair:3   | XOM: enchant monster (good)
 15315 | Lair:3   | XOM: destruction
 15373 | Lair:3   | XOM: summons 2 friendly demons
 15552 | Lair:3   | XOM: god gift: scroll of amnesia
 15647 | Lair:3   | XOM: summons 4 hostile demons
 15656 | Lair:3   | XOM: 2-stop teleportation journey
 15674 | Lair:3   | Reached XP level 13. HP: 101/101 MP: 22/22
 15678 | Lair:3   | XOM: give mutation
 15678 | Lair:3   | Lost mutation: Your spells are a little easier to cast, but
                  | a little less powerful. [Xom's grace]
 15690 | Lair:3   | XOM: scenery: summon butterflies
 15698 | Lair:3   | Found a hole to the Spider Nest.
 15703 | Lair:3   | XOM: chaos cloud
 15891 | Lair:3   | XOM: confusion
 15984 | Lair:3   | XOM: draining
 16017 | Lair:3   | XOM: repel stairs
 16075 | Abyss:2  | Cast into level 2 of the Abyss (Xom)
 16094 | Abyss:2  | XOM: give mutation
 16094 | Abyss:2  | Gained mutation: You are very weak. (Str -4) [Xom's
                  | mischief]
 16098 | Abyss:2  | XOM: stat loss: -1 Dex (18/19)
 16131 | Abyss:2  | Noticed a great orb of eyes
 16137 | Abyss:2  | Killed a great orb of eyes
 16176 | Abyss:2  | Found a corrupted altar of Lugonu.
 16193 | Abyss:2  | XOM: cast spell 'Summon Dragon'
 16225 | Abyss:2  | Noticed a white very ugly thing
 16229 | Abyss:2  | Noticed a white very ugly thing
 16231 | Abyss:2  | Noticed a white very ugly thing
 16235 | Abyss:2  | HP: 1/102 [white very ugly thing (34)]
 16236 | Abyss:2  | Noticed a red very ugly thing
 16238 | Abyss:2  | Noticed a white very ugly thing
 16245 | Abyss:2  | Found a corrupted altar of Lugonu.
 16246 | Abyss:2  | Noticed a bone dragon
 16371 | Abyss:2  | Noticed an Executioner
 16381 | Abyss:2  | XOM: fog
 16386 | Abyss:2  | HP: 2/81 [Executioner (12)]
 16387 | Abyss:2  | Slain by an Executioner

Illustrated notes

Levels and vault maps discovered:
D:1:      lightli_arrival_flooded_house, layout_basic, grunt_decor_resistance,
          serial_bayou_crossing
D:2:      layout_rooms, serial_forest, infiniplex_forest_clump_small,
          infiniplex_forest_end_2, infiniplex_forest_split,
          infiniplex_forest_clump_curved, infiniplex_forest_end_3,
          infiniplex_forest_lined_4_way, infiniplex_forest_straight_4
D:3:      layout_rooms, serial_shops, nicolae_diamond_shop, shop,
          nicolae_shop_waterfront, nicolae_shop_overgrown_old_shop,
          shapermc_ecumenical_altar_ellora, minmay_cupped
D:4:      layout_cave_pods, minmay_temple_entry_from_below_a, hex_large,
          roderic_lattice_a, minmay_ruined_shrine
D:5:      layout_rooms, nicolae_hepliaklqana_hippocampus,
          kennysheep_generic_room_13, uniq_prince_ribbit1
D:6:      layout_loops_corners, mainiacjoe_overflow_catwalk, lemuel_tele_altar,
          minmay_hollow_rounded_squares
D:7:      layout_rooms, kennysheep_vampire_church,
          gammafunk_ghost_abyssal_escape, eino_small_chamber_without_monster,
          chequers_avenue
D:8:      layout_loops_ring, mainiacjoe_overflow_small_starburst,
          mainiacjoe_overflow_paths
D:9:      layout_basic, hiddenorc2_lemuel
D:10:     layout_roguey, kennysheep_okawaru_gauntlet, erik_lair_island,
          fungi_pond_lemuel
D:11:     layout_irregular_city, minmay_misc_feat_rugged, minmay_fountain_box,
          kennysheep_windowed_goal, uniq_josephine
Temple:   regret_index_temple_waves
Lair:1:   beast_lair_carwin_large_3, layout_cave_pods, special_room
          [special_room_bee], lemuel_old_faithful, uniq_urug
Lair:2:   layout_regular_city, minmay_shoals_entry_hut, lemuel_fruit_fields
Lair:3:   layout_gridlike, spider_nest_entry_webs
Orc:1:    layout_diamond_mine, minmay_orc_temple_b
Abyss:2:  base: Temple, base: Lair:3, evilmike_abyss_exit_12,
          evilmike_abyss_exit_14

Skill      XL: |  1  2  3  4  5  6  7  8  9 10 11 12 13 |
---------------+----------------------------------------+-----
Invocations    | 1 2 3 4 5 6 7 8 9 |  9.3
Short Blades   | 1 2 3 5 6 7 8 |  8.5
Long Blades    | 1 2 3 5 6 7 8 |  8.5
Maces & Flails | 1 2 3 5 6 7 8 |  8.5
Polearms       | 1 2 3 5 6 7 8 |  8.5
Staves         | 1 2 3 5 6 7 8 |  8.5
Ranged Weapons | 1 2 3 5 6 7 8 |  8.5
Armour         | 1 2 3 5 6 7 8 |  8.5
Stealth        | 1 2 3 5 6 7 8 |  8.5
Shields        | 1 2 3 5 6 7 8 |  8.5
Unarmed Combat | 1 2 3 5 6 7 8 |  8.5
Spellcasting   | 1 2 3 5 6 7 8 |  8.5
Evocations     | 1 2 3 5 6 7 8 |  8.5
Conjurations   | 1 2 3 4 5 6 7 |  7.1
Hexes          | 1 2 3 4 5 6 7 |  7.1
Summonings     | 1 2 3 4 5 6 7 |  7.1
Necromancy     | 1 2 3 4 5 6 7 |  7.1
Translocations | 1 2 3 4 5 6 7 |  7.1
Transmutations | 1 2 3 4 5 6 7 |  7.1
Fire Magic     | 1 2 3 4 5 6 7 |  7.1
Ice Magic      | 1 2 3 4 5 6 7 |  7.1
Air Magic      | 1 2 3 4 5 6 7 |  7.1
Earth Magic    | 1 2 3 4 5 6 7 |  7.1
Poison Magic   | 1 2 3 4 5 6 7 |  7.1
Fighting       | 5 6 7 8 9 |  9.7
Throwing       | 5 6 7 8 9 |  9.7
Axes           | 7 8 9 10 | 10.8
Dodging        | 7 8 9 10 | 10.8

Action                   |  1- 3 |  4- 6 |  7- 9 | 10-12 | 13-15 || total
-------------------------+-------+-------+-------+-------+-------++-------
Melee: War axe           |   111 |    89 |   214 |   174 |       ||   588
       Bite              |     9 |     6 |    35 |   100 |    17 ||   167
       Kick              |       |     3 |     2 |       |       ||     5
       Headbutt          |       |     2 |       |       |       ||     2
       Punch             |       |     1 |     6 |    26 |       ||    33
       Trident           |       |       |    94 |   359 |     6 ||   459
       Rapier            |       |       |       |   136 |       ||   136
       Broad axe         |       |       |       |    25 |    94 ||   119
Throw: Throwing net      |     1 |     3 |       |       |       ||     4
       Javelin           |       |     3 |     3 |    25 |     1 ||    32
       Dart              |       |       |    10 |    69 |    13 ||    92
       Boomerang         |       |       |       |    64 |    14 ||    78
 Cast: Beastly Appendage |       |     3 |     1 |       |       ||     4
Evoke: Wand              |       |       |       |    14 |     5 ||    19
       Box of beasts     |       |       |       |       |     1 ||     1
  Use: Scroll            |     7 |     2 |     8 |     7 |     4 ||    28
       Potion            |     1 |       |     3 |     6 |     8 ||    18
 Stab: Sleeping          |     2 |     2 |     4 |       |       ||     8
       Held in net/web   |       |     2 |       |       |       ||     2
       Confused          |       |     1 |     3 |     2 |       ||     6
Armor: Leather armour    |    30 |    24 |    48 |       |       ||   102
       Scale mail        |       |       |    41 |       |       ||    41
       Plate armour      |       |       |    63 |   619 |   133 ||   815
       Skin              |       |       |       |     8 |       ||     8
Dodge: Dodged            |    80 |    60 |   193 |   467 |    58 ||   858
       Repelled          |       |       |       |     3 |       ||     3
Block: Buckler           |       |       |       |    75 |    49 ||   124
